 Dungeon Sprint DCSS version 0.21-a0-507-ga8f6b7a (webtiles) character file.

88 esteth the Magician (level 4, -8/24 HPs)
             Began as a Deep Elf Fire Elementalist on Nov 27, 2017.
             Was an Initiate of Vehumet.
             Mangled by an earth elemental (32 damage)
             ... in the Dungeon (Sprint V: "Ziggurat Sprint").
             The game lasted 00:01:29 (138 turns).

esteth the Magician (Deep Elf Fire Elementalist)     Turns: 138, Time: 00:01:30

Health: -8/24      AC: 15    Str: 11    XL:     4   Next: 30%
Magic:  13/13      EV:  6    Int: 21    God:    Vehumet [......]
Gold:   0          SH:  8    Dex: 21    Spells: 13/14 levels left

rFire    . . .     SeeInvis .   G - +7 Screaming Sword
rCold    . . .     Gourm    .   H - +3 buckler
rNeg     . . .     Faith    .   I - +5 storm dragon scales
rPois    .         Spirit   .   (no helmet)
rElec    +         Reflect  .   (no cloak)
rCorr    .         Harm     .   (no gloves)
MR       .....     NoTele   +   (no boots)
Stlth    ..........             (no amulet)
HPRegen  0.08/turn              x - +6 ring of dexterity
MPRegen  0.13/turn              B - +6 ring of strength

@: no status effects
A: no striking features
a: Renounce Religion


You were in the Dungeon.
You worshipped Vehumet.
Vehumet was noncommittal.
You were not hungry.

You visited 1 branch

Inventory:

Hand Weapons
 G - the +7 Screaming Sword (weapon)
   (You found it in the Dungeon)
Armour
 a - a +0 robe
 H - a +3 buckler (worn)
 I - +5 storm dragon scales (worn)
Magical Staves
 K - an uncursed staff of wizardry
Jewellery
 x - a +6 ring of dexterity (left hand)
 y - a +6 ring of dexterity
 z - a +6 ring of intelligence
 A - a +6 ring of intelligence
 B - a +6 ring of strength (right hand)
 C - a +6 ring of strength
Wands
 D - a wand of disintegration (7)
 E - a wand of iceblast (7)
 F - a wand of acid (7)
Scrolls
 i - 4 scrolls of blinking
 p - 4 scrolls of amnesia
 q - 7 scrolls of fog
 r - a scroll of holy word
 s - 5 scrolls of identify
 t - 5 scrolls of remove curse
 u - 2 scrolls of fear
Potions
 d - 10 potions of curing
 e - 10 potions of heal wounds
 f - 6 potions of haste
 g - 7 potions of magic
 h - 3 potions of berserk rage
 j - 2 potions of brilliance
 k - 2 potions of invisibility
 l - 4 potions of resistance
 m - a potion of experience
 n - 5 potions of agility
 o - 5 potions of might
Books
 b - a book of Flames

   Spells                             Type                      Level
   a - Flame Tongue                   Conjuration/Fire             1
   b - Throw Flame                    Conjuration/Fire             2
   c - Conjure Flame                  Conjuration/Fire             3
   d - Inner Flame                    Hexes/Fire                   3
   e - Sticky Flame                   Conjuration/Fire             4
   f - Fireball                       Conjuration/Fire             5
Miscellaneous
 L - a phantom mirror
Comestibles
 c - 5 bread rations
 v - 42 fruits
 w - 4 meat rations
 J - 4 chunks of flesh


   Skills:
 - Level 5.1 Dodging
 - Level 2.4 Stealth
 + Level 2.9 Shields
 + Level 5.7 Spellcasting
 + Level 4.1 Conjurations
 + Level 5.3 Fire Magic


You had 13 spell levels left.
You knew the following spells:

 Your Spells              Type           Power        Failure   Level  Hunger
a - Flame Tongue          Conj/Fire      ####.        71%         1    None


Dungeon Overview and Level Annotations

Branches:
Dungeon (1/1)

Altars:
Ashenzari
Cheibriados
Dithmenos
Elyvilon
Fedhas
Gozag
Hepliaklqana
Kikubaaqudgha
Makhleb
Nemelex Xobeh
Okawaru
Qazlal
Ru
Sif Muna
Trog
Uskayaw
Vehumet
Wu Jian
Xom
Yredelemnul
Zin
The Shining One
Beogh
Jiyva
Lugonu

Annotations:
D 1 transporter


Message History

Welcome to arena 2.
You enter the transporter and appear at another place. 2 earth elementals and a deep elf mage come into view.
The deep elf mage shouts!
The deep elf mage gestures wildly while chanting.
The deep elf mage blinks!
Found three items.
Found a transporter.
The Screaming Sword booms ear-piercingly.
The earth elementals and the deep elf mage are hurt by the noise.
The deep elf mage mumbles some strange words.
The deep elf mage blinks!
The Screaming Sword tootles away.
The earth elementals and the deep elf mage are hurt by the noise.
You block the deep elf mage's attack.
Your storm dragon scales prevents you from hitting the deep elf mage.
The deep elf mage is lightly wounded.
The deep elf mage hits you but does no damage.
The earth elemental hits you!!
Ouch! That really hurt!
You die...

▓▓▓▓▓▓▓▓▓▓▓▓▓
▓.8©8.▓.8©8.▓
▓.::).▓.....▓
▓.....▓.....▓
▓eEE..▓.....▓
▓.@...▓.....▓
▓.....▓..©..▓
▓..©..▓▓▓▓▓▓▓
▓▓▓▓▓▓▓


You could see 2 earth elementals and a deep elf mage.

Vanquished Creatures
  A bullfrog (D)
  An iguana (D)
2 creatures vanquished.

Notes
Turn   | Place    | Note
-------+----------+-------------------------------------------
     0 | D        | Found the +6 Majin-Bo {vamp, Archmagi MP+6 Int+6}
     0 | D        | Found the +7 great mace "Firestarter" {inner flame, rF++}
     0 | D        | esteth the Deep Elf Fire Elementalist began the quest for the Orb.
     0 | D        | Reached XP level 1. HP: 10/10 MP: 6/6
     0 | D        | Found a deep blue altar of Sif Muna.
     0 | D        | Found a sacrificial altar of Ru.
     0 | D        | Found a bloodstained altar of Trog.
     0 | D        | Found a stormy altar of Qazlal.
     0 | D        | Found an iron altar of Okawaru.
     0 | D        | Found a sparkling altar of Nemelex Xobeh.
     0 | D        | Found a blossoming altar of Fedhas.
     2 | D        | Found a transporter.
     2 | D        | Found an ancient bone altar of Kikubaaqudgha.
     2 | D        | Found a viscous altar of Jiyva.
     2 | D        | Found a corrupted altar of Lugonu.
     2 | D        | Found a hazy altar of Hepliaklqana.
     2 | D        | Found a burning altar of Makhleb.
     2 | D        | Found an opulent altar of Gozag.
    19 | D        | Found the +9 heavy crossbow "Sniper" {velocity, Acc+∞ SInv}
    19 | D        | Found the +10 dark maul {crush}
    19 | D        | Found the +15 Maxwell's patent armour {-Cast -Tele rElec MR+ rCorr}
    19 | D        | Found the +18 shield of the Gong {rElec rN+ MR+ EV-5}
    19 | D        | Found the cursed +14 obsidian axe {chop, +Fly SInv *Curse}
    20 | D        | Found the +6 shillelagh "Devastator" {shatter}
    20 | D        | Found the +11 plutonium sword {*Contam Stlth-}
    20 | D        | Found the +8 lance "Wyrmbane" {slay drac, rPois rF+ rC+ AC+3}
    20 | D        | Found the +9 sword of Zonguldrok {reap}
    20 | D        | Found the cursed +13 scythe of Curses {drain, *Curse}
    20 | D        | Found the +0 sword of Power
    20 | D        | Found the +2 mace of Variability {chaos}
    20 | D        | Found the +7 Singing Sword
    20 | D        | Found the +7 longbow "Piercer" {penet, EV-2}
    49 | D        | Became a worshipper of Vehumet
    85 | D        | Entered arena 2.
    85 | D        | Noticed a bullfrog
    85 | D        | Noticed an iguana
    85 | D        | Found a transporter.
    87 | D        | Killed a bullfrog
    87 | D        | Reached skill level 5 in Spellcasting
    87 | D        | Reached XP level 2. HP: 15/15 MP: 7/10
    87 | D        | Reached XP level 3. HP: 19/19 MP: 7/11
    88 | D        | Reached skill level 5 in Dodging
    88 | D        | Reached skill level 5 in Fire Magic
    88 | D        | Reached XP level 4. HP: 24/24 MP: 7/13
   135 | D        | Entered arena 3.
   135 | D        | Noticed an earth elemental
   135 | D        | Noticed a deep elf mage
   135 | D        | Noticed an earth elemental
   135 | D        | Found a transporter.
   138 | D        | Mangled by an earth elemental

Vault maps used:
D:        sprint_v

Skill      XL: |  1  2  3 |
---------------+----------+-----
Dodging        | 4 5 |  5.1
Shields        | 2 |  2.9
Spellcasting   | 5 |  5.7
Conjurations   | 3 4 |  4.1
Fire Magic     | 4 5 |  5.3
Stealth        | |  2.4

Action                   |  1- 3 |  4- 6 || total
-------------------------+-------+-------++-------
Melee: Double sword      |     3 |     1 ||     4
Armor: Storm dragon scal |     2 |     1 ||     3
Dodge: Dodged            |     1 |       ||     1
Block: Buckler           |     1 |     1 ||     2
       Rpst.: Double sword |     1 |       ||     1

Table legend:
 A = Spawn XP
 B = Non-spawn XP
 C = Spawn XP percentage of total XP
 D = Spawn monster count
 E = Non-spawn monster count
 F = Spawn count percentage of total count
 G = Total turns spent on level
                    A         B        C        D         E        F      G
               +---------+---------+-------+---------+---------+-------+---------
         Total |       0 |     127 |   0.0 |       0 |       2 |   0.0 |   138
               +---------+---------+-------+---------+---------+-------+---------
             D |       0 |     127 |   0.0 |       0 |       2 |   0.0 |   138
               +---------+---------+-------+---------+---------+-------+---------
